 Dungeon Crawl Stone Soup version 0.31-a0-152-g6aa68a64a1 (webtiles) character file.

Game seed: 6523083587201103563

598 Drazool the Slasher (level 7, -2/46 HPs)
             Began as a Vampire Gladiator on June 10, 2023.
             Was an Initiate of Qazlal.
             Slain by a hornet (7 damage)
             ... on level 5 of the Dungeon.
             The game lasted 00:12:11 (4428 turns).

Drazool the Slasher (Vampire Gladiator)             Turns: 4428, Time: 00:12:12

Health: -2/46      AC:  6    Str: 13    XL:     7   Next: 17%
Magic:  7/7        EV: 13    Int: 17    God:    Qazlal [......]
Gold:   222        SH:  4    Dex: 17    Spells: 6/6 levels left

rFire   . . .        a - +0 long sword
rCold   . . .        k - +0 buckler
rNeg    . . .        D - +0 leather armour "Naubyif" {Will+}
rPois   .            c - +0 helmet
rElec   .            (no cloak)
rCorr   .            p - +0 pair of gloves
SInv    +            w - +0 pair of boots
Will    +....        F - amulet of magic regeneration
Stlth   +            I - +6 ring of intelligence
HPRegen 0.47/turn    (no ring)
MPRegen 0.50/turn

%: no passive effects
@: lethally poisoned (-2 -> -4), healing quickly, slowed, very slow
A: alive, fangs 3, see invisible, vampiric 2, [frail 1]
a: Exsanguinate, Renounce Religion


You were on level 5 of the Dungeon.
You worshipped Qazlal.
Qazlal was noncommittal.
You visited 2 branches of the dungeon, and saw 6 of its levels.

You collected 222 gold pieces.


Innate Abilities, Weirdness & Mutations

Your natural rate of healing is accelerated.
You have razor-sharp teeth.
You have supernaturally acute eyesight. (SInv)
You are afflicted with vampirism and can become a bat while bloodless.
[You are frail. (-10% HP)]


   Skills:
 + Level 3.1 Fighting
 - Level 7.2 Long Blades
 - Level 1.5 Throwing
 + Level 4.5 Dodging


You had 6 spell levels left.
You didn't know any spells.
Your spell library contained the following spells:

 Spells                   Type           Power      Damage    Failure   Level
 Lesser Beckoning         Tloc           0%         N/A       54%         2
 Dazzling Flash           Conj/Hex       0%         N/A       78%         3
 Gell's Gravitas          Tloc           0%         N/A       78%         3
 Teleport Other           Tloc           0%         N/A       78%         3
 Volatile Blastmotes      Fire/Tloc      0%         2d10      78%         3
 Iskenderun's Mystic Bla  Conj/Tloc      0%         2d3       99%         4
 Starburst                Conj/Fire      0%         6d3       100%        6

Inventory:

Hand Weapons
 a - a +0 long sword (weapon)
 y - a +0 orcbow
Missiles
 b - 3 atropa-tipped darts
 d - a throwing net (quivered) {=f}
 e - a javelin
Armour
 c - a +0 helmet (worn)
 g - a +0 hat of stealth
 k - a +0 buckler (worn)
 p - a +0 pair of gloves (worn)
 w - a +0 pair of boots (worn)
 D - the +0 leather armour "Naubyif" (worn) {Will+}
   (You found it on level 4 of the Dungeon)

   Will:      It increases your willpower.
Magical Staves
 u - a staff of earth {!a}
Jewellery
 f - a ring of fire
 z - a ring of wizardry
 F - an amulet of magic regeneration (around neck)
 I - a +6 ring of intelligence (left hand)
 Z - a ring of wizardry
Wands
 E - a wand of polymorph (8)
 H - a wand of iceblast (9)
Scrolls
 i - a scroll of immolation {unknown}
 j - 3 scrolls of enchant weapon {unknown}
 n - a scroll of amnesia {unknown}
 q - 2 scrolls of teleportation {unknown}
 s - 4 scrolls of identify {unknown}
 v - 5 scrolls of poison {unknown}
 A - a scroll of summoning {unknown}
Potions
 h - 2 potions of mutation {unknown}
 l - a potion of lignification {unknown}
 m - a potion of heal wounds {unknown}
 o - 4 potions of degeneration {unknown}
 r - 3 potions of curing {unknown}
 t - 3 potions of brilliance {unknown}
 x - a potion of cancellation {unknown}
 B - a potion of resistance {unknown}
 C - a potion of invisibility {unknown}
 G - 2 potions of attraction {unknown}
 J - a potion of might {unknown}

Dungeon Overview and Level Annotations

Branches:
Dungeon (5/15)             Temple (1/1) D:4

Altars:
Ashenzari
Cheibriados
Dithmenos
Fedhas
Gozag
Hepliaklqana
Kikubaaqudgha
Makhleb
Nemelex Xobeh
Okawaru
Qazlal
Sif Muna
Uskayaw
Vehumet
Wu Jian
Xom
Yredelemnul

Annotations:
D:5 Dowan, Duvessa

#..# #............#
##.## #............#
#..# #.......#..# #..#
#..........# #.##
##.....#...# ..#
###..##...# ..#
####...## .## #yS.# .#
##@..# .## #....# ..##
##....#### ...###
##......... .....###
####...........
.......###.....#######..
............#### .
..........###
.......####


You could see a hornet and an adder.


Message History

[Y]es or [N]o only, please.
Keep bloodletting?
The hornet barely misses you. The adder bites you but does no damage.
The hornet completely misses you. The adder closely misses you.
The hornet misses you. The hornet stings you.
You suddenly lose the ability to move!
You stop emptying yourself of blood.
The adder bites you but does no damage. The hornet stings you!
You are poisoned.
You feel yourself slow down.
You feel yourself speed up.
You feel very sick. The adder bites you but does no damage.
The hornet stings you.
You feel yourself slow down. The adder bites you but does no damage.
You can move again.
You hit the hornet but do no damage.
You feel very sick. The hornet closely misses you. The adder bites you.
The hornet stings you.
You feel as though you will be slow longer.
The adder barely misses you. The hornet barely misses you.
Unknown command.
You feel sick. The adder bites you but does no damage. The hornet stings you!
* * * LOW HITPOINT WARNING * * *
You feel as though you will be slow longer.
The adder bites you.
* * * LOW HITPOINT WARNING * * *
The adder attacks as you move away! The adder bites you but does no damage.
You feel sick. The hornet stings you!
You die...

Skill      XL: |  1  2  3  4  5  6 |
---------------+-------------------+-----
Long Blades    | 4 6 7 |  7.2
Fighting       | 3 |  3.1
Dodging        | 4 |  4.5
Throwing       | |  1.5

Action                     |  1- 3 |  4- 6 |  7- 9 || total
---------------------------+-------+-------+-------++-------
  Melee: Long sword        |   119 |   171 |     7 ||   297
         Bite              |     5 |    25 |       ||    30
  Throw: Throwing net      |       |     3 |       ||     3
         Dart              |       |     1 |       ||     1
Ability: Exsanguinate      |       |     1 |     1 ||     2
         Revivify          |       |     1 |       ||     1
  Evoke: Wand              |       |       |     1 ||     1
   Stab: Sleeping          |     1 |     1 |       ||     2
 Armour: Leather armour    |    33 |    47 |    12 ||    92
  Dodge: Dodged            |    81 |    95 |    12 ||   188
  Block: Buckler           |     9 |    23 |     2 ||    34

Levels and vault maps discovered:
D:1:      pf_arrival_petrified_forest, layout_basic, minmay_misc_feat_tower,
          interstate_on_off
D:2:      layout_basic, minivault_4, nicolae_hexahallways, minivault_11
D:3:      layout_loops_ring, nicolae_gozag_seed_capital,
          gammafunk_temple_overflow_elements, minmay_ruptured
D:4:      wad_pebble_path, layout_loops_corners, minmay_temple_entry_junction_2,
          minmay_misc_feat_chi, fountainhead
D:5:      minmay_angry_zag, layout_cave_pods, hangedman_feature_mirror,
          uniq_duvessa
Temple:   hellmonk_temple_of_storms

Notes
Turn   | Place    | Note
-------+----------+-------------------------------------------
     0 | D:1      | Drazool the Vampire Gladiator began the quest for the Orb.
     0 | D:1      | Reached XP level 1. HP: 16/16 MP: 1/1
    91 | D:1      | Reached XP level 2. HP: 11/22 MP: 2/2
   438 | D:1      | Reached skill level 4 in Long Blades
   601 | D:2      | Gained mutation: You are afflicted with vampirism and can
                  | become a bat while bloodless. [Vampire growth]
   601 | D:2      | Reached XP level 3. HP: 27/27 MP: 3/3
  1775 | D:3      | Reached XP level 4. HP: 29/33 MP: 4/4
  1777 | D:3      | Reached skill level 5 in Long Blades
  2042 | D:3      | Found an iron altar of Okawaru.
  2042 | D:3      | Found an ancient bone altar of Kikubaaqudgha.
  2369 | D:3      | Found an opulent altar of Gozag.
  2474 | D:4      | Noticed a scorpion
  2495 | D:4      | Killed a scorpion
  2496 | D:4      | Reached skill level 6 in Long Blades
  2496 | D:4      | Reached XP level 5. HP: 5/30 MP: 5/5
  2794 | D:4      | Found a staircase to the Ecumenical Temple.
  2803 | Temple   | Entered the Ecumenical Temple
  3065 | D:4      | Reached XP level 6. HP: 21/39 MP: 6/6
  3116 | D:4      | Reached skill level 7 in Long Blades
  3429 | D:4      | Identified the +0 leather armour "Naubyif" {Will+}
  3660 | D:5      | Entered Level 5 of the Dungeon
  3673 | D:5      | Reached skill level 2 in Fighting
  3887 | D:5      | Found an ancient bone altar of Kikubaaqudgha.
  3953 | D:5      | Found a stormy altar of Qazlal.
  3961 | D:5      | Became a worshipper of Qazlal Stormbringer
  3988 | D:5      | Noticed Duvessa
  3992 | D:5      | Noticed Dowan
  4312 | D:5      | Reached skill level 4 in Dodging
  4332 | D:5      | Reached skill level 3 in Fighting
  4332 | D:5      | Reached XP level 7. HP: 29/46 MP: 7/7
  4414 | D:5      | Noticed a hornet
  4424 | D:5      | Paralysed by a hornet for 2 turns
  4428 | D:5      | Slain by a hornet

Vanquished Creatures
  A black bear (D:4)
  A phantom (D:5)
  A scorpion (D:4)
  2 hounds (D:5)
  2 orc priests
  An iguana (D:5)
  A sleepcap (D:5)
  An orc wizard (D:4)
  9 adders
  An ufetubus (D:5)
  A worm (D:2)
  A dart slug (D:5)
  9 orcs
  7 ball pythons
  2 endoplasms
  6 giant cockroaches
  11 goblins
  7 hobgoblins
  7 jackals
  2 quokkas
  4 bats
  4 kobolds
  6 rats
87 creatures vanquished.

Table legend: (Time is in decaauts)
 A = Elapsed time spent in this place.
 B = Non-inter-level travel time spent in this place.
 C = Inter-level travel time spent in this place.
 D = Time resting spent in this place.
 E = Time spent auto-exploring this place.
 F = Levels seen in this place.
 G = Mean time per level.
                   A        B        C        D        E       F      G
               +--------+--------+--------+--------+--------+-----+--------+
         Total |   4490 |   4175 |    315 |    357 |   2828 |   6 |  748.3 |
       Dungeon |   4442 |   4127 |    315 |    357 |   2828 |   5 |  888.4 |
        Temple |     47 |     47 |      0 |      0 |      0 |   1 |   47.0 |
               +--------+--------+--------+--------+--------+-----+--------+

Top non-repeatable levels by time:
     D:4: 1234 daAuts
     D:2: 1110 daAuts
     D:3: 989 daAuts
     D:1: 595 daAuts
     D:5: 513 daAuts
  Temple: 47 daAuts

Table legend:
 A = Non-vault XP
 B = Vault XP
 C = Vault XP percentage of total XP
 D = Non-vault monster count
 E = Vault monster count
 F = Vault count percentage of total count
                 A         B        C        D         E       F
            +---------+---------+-------+---------+---------+-------
      Total |     575 |     280 |  32.7 |      78 |       9 |  10.3
            +---------+---------+-------+---------+---------+-------
        D:1 |      35 |       0 |   0.0 |      21 |       0 |   0.0
        D:2 |      93 |       0 |   0.0 |      21 |       0 |   0.0
        D:3 |      30 |      15 |  33.3 |      15 |       2 |  11.8
        D:4 |     356 |       0 |   0.0 |      17 |       0 |   0.0
        D:5 |      61 |     265 |  81.3 |       4 |       7 |  63.6
            +---------+---------+-------+---------+---------+-------
